 Dungeon Crawl Stone Soup version 0.28.0-43-g3370ac3207 (webtiles) character file.

Game seed: 8083061957002424180

30 Kaptain the Digger (level 3, -4/20 HPs)
             Began as a Gargoyle Earth Elementalist on Mar 18, 2022.
             Slain by Sigmund
             ... wielding a +0 scythe
              (5 damage)
             ... on level 2 of the Dungeon.
             The game lasted 00:04:03 (1673 turns).

Kaptain the Digger (Gargoyle Earth Elementalist)    Turns: 1673, Time: 00:04:05

Health: -4/20      AC:  5    Str:  9 (11) XL:     3   Next: 18%
Magic:  1/6        EV: 11    Int: 14 (17) God:
Gold:   118        SH:  0    Dex:  7 (10) Spells: 2/6 levels left

rFire   . . .      SeeInvis .   k - +0 short sword
rCold   . . .      Faith    .   (no shield)
rNeg    + . .      Spirit   .   b - +0 robe
rPois   ∞          Reflect  .   (no helmet)
rElec   +          Harm     .   (no cloak)
rCorr   .          Rampage  .   (no gloves)
Will    .....                   (no boots)
Stlth   ++........              (no amulet)
HPRegen 0.06/turn               (no ring)
MPRegen 0.10/turn               (no ring)

@: no status effects
A: sickness immunity, AC +3, negative energy resistance 1, electricity
resistance, torment resistance 1, petrification resistance
a: no special abilities


You were on level 2 of the Dungeon.
You visited 1 branch of the dungeon, and saw 2 of its levels.

You collected 118 gold pieces.

Inventory:

Hand Weapons
 e - a +0 hunting sling
 k - a +0 short sword (weapon)
Missiles
 a - 7 sling bullets
 c - 38 stones
Armour
 b - a +0 robe (worn)
 i - a +0 buckler
Scrolls
 f - a scroll of vulnerability {unknown}
 g - a scroll of acquirement {unknown}
 j - 2 scrolls of summoning {unknown}
 l - a scroll of identify {unknown}


   Skills:
 * Level 1.0 Fighting
 + Level 0.5 Armour
 - Level 1.6 Dodging
 - Level 2.1 Stealth
 + Level 0.3 Shields
 * Level 2.3 Spellcasting
 * Level 1.0 Conjurations
 - Level 0.7 Transmutations
 * Level 4.0 Earth Magic


You had 2 spell levels left.
You knew the following spells:

 Your Spells              Type           Power      Damage    Failure   Level
a - Sandblast             Erth           24%        2d8       4%          1
b - Stone Arrow           Conj/Erth      16%        3d8       24%         3

Your spell library contained the following spells:

 Spells                   Type           Power      Damage    Failure   Level
 Passwall                 Tmut/Erth      6%         N/A       13%         2
 Ensorcelled Hibernation  Hex/Ice        2%         N/A       34%         2
 Spider Form              Tmut/Pois      2%         N/A       52%         3
 Inner Flame              Hex/Fire       1%         N/A       56%         3
 Petrify                  Tmut/Erth      8%         N/A       65%         4
 Anguish                  Hex/Necr       0%         N/A       92%         4
 Cause Fear               Hex            0%         N/A       92%         4
 Discord                  Hex            0%         N/A       100%        8


Dungeon Overview and Level Annotations

Branches:
Dungeon (2/15)

Altars:

Annotations:
D:2 Sigmund


Innate Abilities, Weirdness & Mutations

You are immune to sickness and miasma.
Your stone body is resilient. (AC +3)
You are immune to poison.
You resist negative energy. (rN+)
You are resistant to electric shocks. (rElec)
You are resistant to unholy torment.
You are immune to petrification.


Message History

Unknown command.
Okay, then.
Sigmund says, "Now you see me, now you don't..."
There is a stone staircase leading up here.
Fire: 8 sling bullets
Press: ? - help, Q - select action, (/) - cycle Shift-Dir - straight line, f/p - Sigmund
Aim: Sigmund, wielding a +0 scythe and wearing a +2 robe of cold resistance (heavily wounded, 45% to hit)
You shoot a sling bullet.
The sling bullet completely misses Sigmund.
Casting: Stone Arrow (extremely dangerous; 24% risk of failure)
Confirm with . or Enter, or press ? or * to list all spells.
Aiming: Stone Arrow (extremely dangerous; 24% risk of failure)
Press: ? - help, Shift-Dir - straight line, f/p - Sigmund
Aim: Sigmund, wielding a +0 scythe and wearing a +2 robe of cold resistance (heavily wounded, 60% to hit)
The stone arrow hits Sigmund!
Sigmund is almost dead.
Sigmund points at you and mumbles some strange words.
You are confused.
Unknown command.
k - a +0 short sword (weapon)
Sigmund flickers, as though insubstantial.
Sigmund closely misses you. Sigmund hits you but does no damage.
Sigmund hits you from afar with a +0 scythe.
You feel less confused. Sigmund casts a spell at you.
You are confused.
Sigmund points at you and mumbles some strange words.
The magic dart hits you.
Sigmund hits you from afar with a +0 scythe!
Sigmund hits you with a +0 scythe.
You bump into the rock wall.
You closely miss Sigmund.
Sigmund is almost dead.
You feel less confused.
Sigmund points at you and mumbles some strange words.
The magic dart hits you.
* * * LOW HITPOINT WARNING * * *
Sigmund hits you with a +0 scythe.
You die...

# ##...#............#.# #..# #
#.................#(# #..# #
##...#.#)##..#....#.####..# #
##>.........#............# #
####.#.#.##..#...........## #
#............#....#[###### #
####.#.#.##..#....#.# #
#.##.#.#.##..#.@<.#.# #
#............#@...#.###
###.##................#<#
......................#.#
...............#....###.####
...........................#
###.##.#.###........#)#.##.###
###.##.#.###...#.............#
......................#.##.###
###.................###.##.#


You could see Sigmund.

Vanquished Creatures
  2 ball pythons (D:1)
  3 bats (D:1)
  3 endoplasms
  6 goblins (D:1)
  2 hobgoblins (D:1)
  3 kobolds
  2 quokkas (D:2)
  A frilled lizard (D:2)
  2 rats
24 creatures vanquished.

Vanquished Creatures (others)
  A fungus (D:2)
  A plant (D:2)
2 creatures vanquished.

Grand Total: 26 creatures vanquished

Notes
Turn   | Place    | Note
-------+----------+-------------------------------------------
     0 | D:1      | Kaptain the Gargoyle Earth Elementalist began the quest for
                  | the Orb.
     0 | D:1      | Reached XP level 1. HP: 10/10 MP: 3/3
   192 | D:1      | Reached XP level 2. HP: 16/16 MP: 1/5
   820 | D:1      | Reached skill level 1 in Fighting
   978 | D:1      | Reached skill level 1 in Conjurations
  1303 | D:2      | Reached XP level 3. HP: 20/20 MP: 4/6
  1307 | D:2      | Learned a level 3 spell: Stone Arrow
  1325 | D:2      | Noticed Sigmund
  1419 | D:2      | Reached skill level 4 in Earth Magic
  1673 | D:2      | HP: 1/20 [Sigmund/magic dart (6)]
  1673 | D:2      | Slain by Sigmund

Illustrated notes

Levels and vault maps discovered:
D:1:      shiori_arrival_whats_in_store_for_you, layout_basic
D:2:      layout_basic, dreamdust_ecumenical_altar_grove, serial_shops,
          nicolae_shop_stone, roderic_roman_lattice,
          chequers_serial_rivers_small_a, uniq_sigmund

Skill      XL: |  1  2  3 |
---------------+----------+-----
Fighting       | 1 |  1.0
Conjurations   | 1 |  1.0
Earth Magic    | 4 |  4.0
Armour         | |  0.5
Dodging        | |  1.6
Stealth        | |  2.1
Shields        | |  0.3
Spellcasting   | |  2.3
Transmutations | |  0.7

Action                   || total
-------------------------++-------
Melee: Dagger            ||    25
       Short sword       ||     4
 Fire: Hunting sling     ||    20
 Cast: Sandblast         ||    19
       Stone Arrow       ||     4
  Use: Potion            ||     2
 Stab: Sleeping          ||     1
Armor: Robe              ||    14
Dodge: Dodged            ||    21
